 Dungeon Crawl Stone Soup version 0.16.1-2-g95b8d4c (webtiles) character file.

58 HungrySpirit the Grave Robber (level 3, 0/15 HPs)
             Began as a Felid Necromancer on Mar 26, 2015.
             Succumbed to an adder's poison
             ... on level 2 of the Dungeon.
             The game lasted 00:03:58 (2243 turns).

HungrySpirit the Grave Robber (Felid Necromancer)   Turns: 2243, Time: 00:03:58

Health: 0/15       AC:  1    Str:  4    XL:     3   Next: 75%
Magic:  6/8        EV: 19    Int: 16    God:
Gold:   79         SH:  0    Dex: 17    Spells: 2 memorised, 2 levels left
                                        Lives:  0   Deaths: 0

rFire  . . .     SeeInvis +       - Unarmed
rCold  . . .     Clarity  .     (armour unavailable)
rNeg   . . .     SustAb   +     (shield unavailable)
rPois  .         Gourm    .     (helmet unavailable)
rElec  .         Spirit   .     (cloak unavailable)
rCorr  .         Warding  .     (gloves unavailable)
rMut   .         Stasis   .     (boots unavailable)
MR     .....                    (no amulet)
Stlth  +++.......               (no ring)
                                i - ring of sustain abilities

@: lethally poisoned (0 -> -12), quick, not resistant to hostile enchantments,
fairly stealthy
A: paw claws, no armour, no weapons or thrown items, fangs 3, see invisible,
carnivore 3, speed 1, shaggy fur 1, slow metabolism 1, sharp paws
a: no special abilities


You were on level 2 of the Dungeon.
You were very full.

You visited 1 branch of the dungeon, and saw 2 of its levels.

You collected 79 gold pieces.

Inventory:

Jewellery
 i - a ring of sustain abilities (left paw)
Scrolls
 a - a scroll of enchant armour {unknown}
 d - a scroll of immolation {unknown}
 e - a scroll of fear {unknown}
 f - a scroll of identify {unknown}
 h - a scroll of remove curse {unknown}
 l - a scroll of recharging {unknown}
 m - a scroll of fog {unknown}
 n - a scroll of teleportation {unknown}
Potions
 g - a potion of agility {unknown}
 j - a potion of degeneration {unknown}
 k - a potion of curing {unknown}
 o - a potion of might {unknown}
Books
 b - a book of Necromancy

   Spells                             Type                      Level
   a - Pain                           Necromancy                   1
   b - Animate Skeleton               Necromancy                   1
   c - Vampiric Draining              Necromancy                   3
   d - Regeneration                   Charms/Necromancy            3
   e - Animate Dead                   Necromancy                   4
   f - Control Undead                 Necromancy                   4
Comestibles
 c - a meat ration


   Skills:
 + Level 1.6 Fighting
 + Level 3.4 Dodging
 + Level 3.6 Stealth
 * Level 1.6 Unarmed Combat
 - Level 2.0 Spellcasting
 - Level 4.0 Necromancy


You had 2 spell levels left.
You knew the following spells:

 Your Spells              Type           Power        Failure   Level  Hunger
a - Pain                  Necr           ##..         4%          1    #......
b - Regeneration          Chrm/Necr      #.........   28%         3    ###....


Dungeon Overview and Level Annotations

Branches:
Dungeon (2/15)

Altars:


Innate Abilities, Weirdness & Mutations

You cannot wear armour.
You are incapable of wielding weapons or throwing items.
You have razor-sharp teeth.
You have supernaturally acute eyesight.
You are carnivorous and can eat meat at any time.
You cover ground quickly.
You are covered in fur (AC +1).
You have a slow metabolism.
Your paws have sharp claws that are effective at stabbing.


Message History

You closely miss the adder.
The adder is severely wounded.
* * * LOW HITPOINT WARNING * * *
You feel sick. The adder misses you.
You are too injured to fight recklessly!
Casting: Pain
Confirm with . or Enter, or press ? or * to list all spells.
Aiming: Pain
Press: ? - help, Shift-Dir - straight line, f - adder
Aim: an adder (thin mist, severely wounded, bleeding, chance 79%)
The adder convulses in agony!
* * * LOW HITPOINT WARNING * * *
You feel sick. The adder barely misses you.
Casting: Pain
Confirm with . or Enter, or press ? or * to list all spells.
Aiming: Pain
Press: ? - help, Shift-Dir - straight line, f/p - adder
Aim: an adder (severely wounded, bleeding, chance 79%)
The adder convulses in agony!
You die...

# #.♣.♣.♣♣♣.♣..♣♣P..♣♣P♣ .
#####♣.♣.♣.♣.♣.♣.♣.♣♣.♣.♣ ....
#.♣♣.♣.♣.♣P♣♣.♣♣.♣♣.♣P.♣♣ ....
#..♣♣.♣.♣.♣P♣♣♣.♣♣♣♣...P♣♣♣ ....
###...♣.♣.♣.♣.♣.♣.♣...P...P♣♣♣...
...#.P♣♣.♣P♣.♣.♣P♣..........♣P..P
##.#♣♣♣♣♣.♣.♣.♣................PP
#..♣P..♣♣♣.........P.........P.♣.
#... ♣.P♣...P...@♣§§≈P≈♣≈♣.≈....♣
#.♣♣♣♣.♣.......♣♣S§♣P≈♣≈≈≈≈.≈.≈..
..♣♣.P♣PP......≈P≈§♣≈≈≈♣≈≈♣≈≈♣♣..
###♣.........P.♣≈≈§≈≈≈≈..≈.≈≈≈≈♣≈
## ♣...........≈.≈♣≈♣≈≈♣≈≈≈≈≈≈♣≈.
.# ♣..........P....♣≈♣P≈♣≈≈♣P≈...
.# ♣....♣........P....♣P♣≈♣≈§.≈.♣
<##♣.♣..♣.......... .♣≈.§§§....
.#....♣♣♣....♣.... ♣♣.....♣.♣


You could see an adder (bleeding).

Vanquished Creatures
  Terence (D:2)
  A gnoll (D:1)
  A giant gecko (D:2)
  An ooze (D:1)
  5 bats
  3 giant cockroaches (D:2)
  5 hobgoblins
  3 giant newts
  8 goblins
  2 kobolds
  4 rats
34 creatures vanquished.

Notes
Turn   | Place    | Note
--------------------------------------------------------------
     0 | D:1      | HungrySpirit, the Felid Necromancer, began the quest for the Orb.
     0 | D:1      | Reached XP level 1. HP: 7/7 MP: 4/4
   516 | D:1      | Reached XP level 2. HP: 12/12 MP: 5/5
   792 | D:1      | Reached skill level 1 in Fighting
   837 | D:1      | Reached skill level 1 in Unarmed Combat
  1158 | D:1      | Reached XP level 3. HP: 8/15 MP: 8/8
  1272 | D:1      | Learned a level 3 spell: Regeneration
  1890 | D:2      | Noticed Terence
  1921 | D:2      | Killed Terence
  2243 | D:2      | Succumbed to an adder's poison

Action                   || total
-------------------------++-------
Melee: Unarmed           ||   128
 Cast: Pain              ||     9
       Regeneration      ||     1
 Stab: Sleeping          ||     8
  Eat: Chunk             ||     9
